AoeStats
← andresffelipe20

Nomad

506322436Analyzed
2v2 RM · 18d ago on Sep 13, 2026· 53m 12s· 4 players
Game mode
Random Map
Map size
176×176
Population
200
Speed
Normal
Resources
Standard
Victory
Conquest
Starting age
Dark Age
Ending age
Imperial Age
RankedLock teamsTeams togetherTeam positionsShared explorationLock speedFull tech treeHidden civsTurbo modeCheats
Victory
Defeat
🇧🇷 Shu · Brazil
1110
+14
🇳🇿 Spanish · New Zealand
1108
+15
🇨🇴 Vietnamese · Colombia
1078
-15
🇵🇰 Britons · Pakistan
1074
-14
andresffelipe20
8:07 Loom
15:12 Feudal Age
16:01 Double-Bit Axe
17:39 Bloodlines
18:59 Forging
20:36 Wheelbarrow
19:47 Town Watch
26:15 Castle Age
24:43 Scale Barding Armor
24:31 Fletching
26:38 Padded Archer Armor
27:49 Bodkin Arrow
28:10 Leather Archer Armor
27:41 Demolition Ship
28:42 Medium Warships
31:16 Ballistics
35:16 Hand Cart
35:02 Town Patrol
36:05 Thumb Ring
38:26 Bow Saw
41:26 Imperial Age
39:48 Husbandry
41:27 Elite Skirmisher
42:01 Cavalier
42:41 Imperial Skirmisher
43:26 Bracer
44:35 Two-Man Saw
45:58 Iron Casting
48:31 Ring Archer Armor
49:23 Scale Mail Armor
50:19 Iron Casting
50:32 Squires
50:45 Pikeman
52:18 Chain Mail Armor
52:41 Horse Collar
NSN WAJID
15:36 Loom
18:08 Feudal Age
19:25 Wheelbarrow
22:24 Castle Age
20:19 Fishing Lines
21:54 Horse Collar
22:31 Double-Bit Axe
22:43 Gold Mining
23:26 Hand Cart
24:40 Bow Saw
25:09 Gold Shaft Mining
28:21 Fletching
28:31 Padded Archer Armor
29:07 Bodkin Arrow
39:16 Imperial Age
39:42 Elite Longbowman
42:06 Heavy Scorpion
45:17 Bracer
45:32 Leather Archer Armor
kisameada
15:15 Feudal Age
15:40 Double-Bit Axe
19:58 Castle Age
17:46 Loom
18:51 Gold Mining
22:08 Bow Saw
23:22 Gold Shaft Mining
23:41 Fishing Lines
24:36 Stone Mining
26:27 Medium Warships
27:24 Thumb Ring
28:40 Fletching
28:54 Crossbowman
29:22 Horse Collar
30:05 Heavy Plow
32:23 Padded Archer Armor
32:56 Elite Skirmisher
36:08 Imperial Age
34:26 Bodkin Arrow
34:58 Ballistics
35:02 Scale Mail Armor
34:51 Gambesons
38:16 Conscription
41:26 Hoardings
41:49 Leather Archer Armor
41:35 Bracer
42:36 Capped Ram
43:19 Gillnets
44:10 Wheelbarrow
45:21 Ring Archer Armor
46:25 Two-Man Saw
45:43 Hand Cart
45:05 Arbalester
48:37 Bolt Magazine
49:03 Siege Ram
49:54 Town Watch
50:44 Chain Mail Armor
53:15 Chemistry
woodicus
5:04 Loom
14:31 Feudal Age
15:28 Town Watch
19:16 Castle Age
17:38 Stone Mining
17:35 Double-Bit Axe
20:12 Town Patrol
21:57 Gold Mining
22:20 Bow Saw
24:18 Horse Collar
25:06 Bloodlines
24:57 Husbandry
26:18 Heavy Plow
35:29 Imperial Age
33:39 Scale Barding Armor
35:41 Wheelbarrow
35:50 Chain Barding Armor
36:01 Cavalier
39:10 Plate Barding Armor
38:47 Forging
39:21 Hand Cart
41:31 Conscription
43:51 Iron Casting
45:44 Blast Furnace
44:35 Fletching
45:00 Masonry
48:16 Two-Man Saw
50:28 Paladin
Connection lost

Rejoining the realm…

Still unreachable

The connection could not be restored.

Session expired

The server has moved on; the page needs a fresh start.